 Dungeon Crawl Stone Soup version 0.14.1-18-g0856e53 (webtiles) character file.

230 Konstanin the Vexing (level 5, -3/26 HPs)
             Began as a Vine Stalker Enchanter on June 3, 2014.
             Slain by a gnoll
             ... wielding a +0,+0 spear
              (7 damage)
             ... on Level 3 of the Dungeon.
             The game lasted 00:41:54 (2875 turns).

Konstanin the Vexing (Vine Stalker Enchanter)       Turns: 2875, Time: 00:41:54

HP  -3/26        AC  4     Str 11      XL: 5   Next: 21%
MP   0/13        EV 11     Int 16      God:
Gold 92          SH  0     Dex 14      Spells:  4 memorised,  2 levels left

rFire  . . .     SeeInvis .     m - +0 short sword (flame)
rCold  . . .     Clarity  .     z - +1 leather armour
rNeg   . . .     Conserve .     (no shield)
rPois  .         rCorr    .     (no helmet)
rElec  .         rRot     +     (no cloak)
SustAb + .       Spirit   +     (no gloves)
rMut   .         Warding  .     (no boots)
Saprov . . .     Stasis   .     (no amulet)
MR     .....                    (no ring)
                                y - ring of sustain abilities

@: not resistant to hostile enchantments, fairly stealthy
A: fangs 2, regeneration 1, magic shield, antimagic bite, no device heal
a: no special abilities


You were on level 3 of the Dungeon.
You were hungry.

You visited 1 branch of the dungeon, and saw 3 of its levels.

You collected 92 gold pieces.

Inventory:

Hand weapons
 m - a +0,+0 short sword of flaming (weapon)
Armour
 z - a +1 leather armour (worn)
Comestibles
 f - 3 bread rations
 g - 2 meat rations
 i - an apple
 q - a rotting chunk of rat flesh
 w - a chunk of hobgoblin flesh
 x - a chunk of rat flesh
 A - 2 chunks of hobgoblin flesh
 B - 4 chunks of orc flesh
Scrolls
 b - a scroll of enchant weapon I {unknown}
 e - a scroll of fog
 j - a scroll of teleportation {unknown}
 k - a scroll of magic mapping
 s - a scroll of identify
 t - a scroll of enchant weapon II {unknown}
 u - a scroll of remove curse
 D - a scroll of fear {unknown}
Jewellery
 y - a ring of sustain abilities (left hand)
Potions
 a - a potion of brilliance
 d - a potion of heal wounds {unknown}
 h - a potion of curing
 l - a potion of cure mutation {unknown}
 o - a potion of restore abilities {unknown}
 p - a potion of confusion {unknown}
 r - a potion of might {unknown}
 v - a potion of invisibility {unknown}
 C - a potion of paralysis {unknown}
Books
 c - a book of Maledictions

   Spells                             Type                      Level
   *Corona                            Hexes                        1
   *Sure Blade                        Hexes/Charms                 2
   *Ensorcelled Hibernation           Hexes/Ice                    2
   *Confuse                           Hexes                        3
   Enslavement                        Hexes                        4
   Invisibility                       Hexes                        6


   Skills:
 * Level 1.6 Fighting
 * Level 1.7 Short Blades
 - Level 0.8 Throwing
 * Level 2.4 Dodging
 + Level 2.7 Stealth
 * Level 3.1 Spellcasting
 * Level 3.4 Hexes
 + Level 0.2 Charms
 + Level 0.4 Ice Magic


You had 2 spell levels left.
You knew the following spells:

 Your Spells              Type           Power        Failure   Level  Hunger
a - Corona                Hex            ##.....      6%          1    None
b - Ensorcelled Hibernat  Hex/Ice        #.....       14%         2    ##.....
c - Sure Blade            Hex/Chrm       #.........   14%         2    ##.....
d - Confuse               Hex            ##......     14%         3    ###....


Dungeon Overview and Level Annotations

Branches:
Dungeon (3/15)

Altars:
Sif Muna


Innate Abilities, Weirdness & Mutations

You are immune to rotting.
You have extremely sharp teeth.
Your natural rate of healing is unusually fast.
When hurt, damage is shared between your health and your magic reserves.
Your bite disrupts and absorbs the magic of your enemies.
Potions and wands cannot restore your HP.


Message History

The gnoll hits you with a spear!
You closely miss the gnoll. You bite the gnoll. You drain its power.
You feel invigorated.
The gnoll is moderately wounded.
The gnoll barely misses you.
You completely miss the gnoll. Your bite misses the gnoll.
The gnoll is moderately wounded.
The gnoll hits you with a spear.
You hit the gnoll. You burn the gnoll.
The gnoll is severely wounded.
The gnoll hits you with a spear!
* * * LOW HITPOINT WARNING * * *
You hit the gnoll but do no damage. Your bite misses the gnoll.
The gnoll is severely wounded.
The gnoll hits you with a spear.
* * * LOW HITPOINT WARNING * * *
You closely miss the gnoll. Your bite misses the gnoll.
The gnoll is severely wounded.
The gnoll hits you with a spear!
You die...

#.......#
#........#.........
#.......#
#........###.......
####.......# #........#
#.<.....
...........#**#........#
#.......
.###.......##.+........#
#....... ##
#..........#........#
#.......
#.......####.g%.....#
#....... ######.##
##g####### ####.###
#......# #@# #..,,
###'###### ####.######
####* #......#
#.........# *,,, #......#
#.........# *,,,
#......#** #.........#
*,,,
##......+,**#.........#
*,,,
.'......#,,*#.........#*
* *, ,
##......#*,,+.........+,,
*,,, #......#*
*#.........#*,* *,,,


You could see 2 gnolls.

Vanquished Creatures
  Jessica (D:2)
  2 adders (D:3)
  2 gnolls
  An inept feature mimic (D:3)
  A giant mite (D:3)
  2 giant geckos
  5 orcs (D:3)
  A ball python (D:1)
  4 giant cockroaches
  4 goblins
  8 hobgoblins
  10 bats
  3 giant newts
  15 kobolds
  8 rats
67 creatures vanquished.

Notes
Turn   | Place    | Note
--------------------------------------------------------------
     0 | D:1      | Konstanin, the Vine Stalker Enchanter, began the quest for the Orb.
     0 | D:1      | Reached XP level 1. HP: 9/9 MP: 3/3
   355 | D:1      | Reached skill level 1 in Short Blades
   355 | D:1      | Reached XP level 2. HP: 12/14 MP: 2/6
   366 | D:1      | Learned a level 2 spell: Ensorcelled Hibernation
   369 | D:1      | Learned a level 2 spell: Sure Blade
   999 | D:1      | Reached XP level 3. HP: 15/17 MP: 4/7
  1576 | D:2      | Noticed Jessica
  1585 | D:2      | Killed Jessica
  1585 | D:2      | Reached skill level 1 in Fighting
  1585 | D:2      | Reached XP level 4. HP: 15/22 MP: 2/9
  1646 | D:2      | Learned a level 3 spell: Confuse
  1949 | D:2      | Found a deep blue altar of Sif Muna.
  2705 | D:3      | Reached XP level 5. HP: 25/25 MP: 13/13
  2875 | D:3      | Slain by a gnoll

Action                   |  1- 3 |  4- 6 || total
-------------------------+-------+-------++-------
Melee: Dagger            |    47 |       ||    47
       Short sword       |    37 |    98 ||   135
Throw: Dart              |     5 |       ||     5
 Cast: Corona            |    13 |     1 ||    14
       Ensorcelled Hiber |    10 |     5 ||    15
       Sure Blade        |     2 |     2 ||     4
       Confuse           |       |     1 ||     1
  Use: Scroll            |     2 |     4 ||     6
       Potion            |       |     1 ||     1
 Stab: Sleeping          |     9 |     9 ||    18
